Map: Eternal Empire LE

Players

Liquidthermy (uThermal)

  • Race: Terran Terran
  • Spawn Location: 7:00

TSGSolar (Solar) - Winner!

  • Race: Zerg Zerg
  • Spawn Location: 1:00

Event: StayAtHomestory Cup #1

VOD

Have the link to the VOD?

Description

Time

  • Played on: April 10, 2020, 1:35 p.m.
  • Length: 18:10

All games in this series

Show
View Real Time Build Order
Export as new Build Order

Liquidthermy Terran 

Build Orders: Reaper Expand, Mech 

Get SALT Encoding   

  12  0:01  SCV  
  13  0:14  SCV  
  14  0:18  Supply Depot  
  14  0:26  SCV  
  15  0:39  SCV  
  15  0:41  Barracks  
  16  0:43  Refinery  
  16  0:51  SCV  
  17  1:04  SCV  
  18  1:16  SCV  
  19  1:28  Orbital Command, Reaper  
  20  1:39  Command Center  
  20  1:49  Supply Depot  
  21  1:54  SCV  
  21  1:59  Marine  
  22  2:06  SCV  
  23  2:08  Factory  
  23  2:17  Marine  
  23  2:18  SCV  
  25  2:23  Refinery  
  25  2:30  SCV  
  26  2:37  Barracks Reactor  
  26  2:42  SCV  
  27  2:52  Orbital Command  
  27  2:54  Starport  
  27  2:55  SCV  
  28  3:07  SCV  
  28  3:10  Command Center  
  29  3:18  Hellion x2  
  33  3:20  SCV  
  33  3:22  SCV  
  35  3:32  SCV, Fusion Core  
  36  3:40  Hellion  
  38  3:44  SCV  
  38  3:46  Hellion  
  38  3:47  SCV  
  42  3:48  Starport Tech Lab  
  42  3:50  Supply Depot  
  42  3:56  SCV  
  42  3:59  SCV  
  42  4:02  Hellion  
  46  4:11  SCV x2  
  46  4:12  Hellion  
  50  4:22  Battlecruiser  
  50  4:23  Orbital Command  
  56  4:25  SCV  
  56  4:27  SCV  
  56  4:30  Hellion  
  60  4:35  Hellion  
  60  4:37  SCV  
  63  4:41  Supply Depot  
  63  4:42  Refinery  
  63  4:43  Refinery  
  63  4:44  SCV  
  64  4:50  SCV x2  
  66  4:53  Hellion  
  66  4:54  Supply Depot  
  68  5:00  SCV  
  68  5:03  SCV x2, Hellion  
  73  5:10  Factory x2  
  73  5:12  SCV  
  74  5:16  Hellion  
  74  5:20  SCV  
  77  5:23  Orbital Command  
  77  5:24  SCV  
  77  5:25  Supply Depot  
  78  5:33  SCV  
  78  5:35  Hellion  
  81  5:37  SCV  
  81  5:38  Hellion  
  84  5:45  SCV  
  84  5:47  Battlecruiser  
  84  5:49  SCV, Weapon Refit  
  89  5:51  SCV  
  89  5:53  Factory Tech Lab  
  89  5:54  Factory Tech Lab  
  89  5:56  Hellion  
  91  5:57  SCV  
  91  6:01  SCV  
  91  6:03  SCV  
  91  6:05  Hellion  
  91  6:09  SCV  
  91  6:13  SCV  
  91  6:15  Refinery x2  
  91  6:17  SCV  
  93  6:22  Hellion, Siege Tank x2  
  93  6:23  Supply Depot  
  101  6:35  Supply Depot  
  101  6:38  SCV x2  
  101  6:44  SCV, Hellion x2  
  104  6:50  SCV x2  
  106  6:56  SCV  
  106  6:57  Battlecruiser  
  106  6:58  Supply Depot  
  106  6:59  Supply Depot  
  113  7:02  SCV x2  
  115  7:08  SCV  
  115  7:11  Supply Depot  
  115  7:14  SCV, Engineering Bay  
  117  7:20  SCV x2, Siege Tank x2  
  117  7:21  Hellion  
  127  7:25  Armory x2  
  127  7:26  SCV  
  128  7:32  SCV  
  129  7:38  Factory x2  
  129  7:41  SCV  
  129  7:42  Missile Turret  
  130  7:45  Missile Turret x2  
  130  7:47  Hellion  
  130  7:48  Supply Depot  
  130  7:49  SCV  
  130  7:50  SCV  
  134  7:56  Cyclone  
  134  7:57  Mag-Field Accelerator  
  138  7:58  Infernal Pre-Igniter  
  137  8:07  Supply Depot  
  137  8:08  Supply Depot  
  137  8:09  Cyclone  
  137  8:10  Hellion x2  
  144  8:15  Terran Vehicle And Ship Armor Level 1, Terran Vehicle Weapons Level 1  
  144  8:23  Factory Tech Lab  
  144  8:25  Command Center  
  144  8:29  Factory Reactor  
  142  8:35  Cyclone  
  139  8:46  Cyclone  
  142  8:50  Battlecruiser  
  142  8:52  Supply Depot  
  142  8:54  Missile Turret  
  148  8:59  Cyclone  
  148  9:01  Missile Turret, Drilling Claws  
  148  9:02  Widow Mine x2  
  153  9:12  Cyclone  
  153  9:13  Widow Mine x2  
  146  9:19  Missile Turret  
  146  9:22  Cyclone  
  145  9:25  Widow Mine x2  
  145  9:28  Command Center  
  152  9:31  Cyclone  
  152  9:33  SCV  
  152  9:36  Missile Turret  
  152  9:37  Widow Mine x2  
  157  9:44  Neosteel Armor  
  158  9:45  SCV  
  158  9:46  SCV  
  158  9:51  Cyclone  
  158  9:53  SCV, Widow Mine  
  158  9:54  Cyclone  
  158  9:59  SCV  
  163  10:05  Planetary Fortress  
  163  10:12  Cyclone  
  163  10:13  Widow Mine x2  
  170  10:22  Unknown  
  170  10:23  Missile Turret  
  170  10:24  Battlecruiser  
  170  10:26  Widow Mine  
  170  10:27  Missile Turret  
  178  10:29  Missile Turret  
  178  10:34  Missile Turret  
  177  10:39  SCV  
  177  10:40  Widow Mine x2  
  177  10:41  SCV  
  179  10:42  Supply Depot  
  179  10:43  Supply Depot, Orbital Command  
  179  10:49  Widow Mine  
  179  11:05  Supply Depot  
  179  11:09  Thor, Terran Vehicle Weapons Level 2  
  179  11:10  Thor  
  191  11:13  SCV  
  191  11:16  Command Center  
  192  11:19  Missile Turret  
  192  11:23  Missile Turret  
  192  11:24  Sensor Tower  
  192  11:25  Sensor Tower  
  192  11:31  Missile Turret  
  192  11:32  Thor  
  198  11:41  Widow Mine  
  193  11:50  Widow Mine  
  186  12:05  Supply Depot  
  186  12:07  Supply Depot  
  186  12:08  Supply Depot  
  186  12:14  Widow Mine x2, Hellbat  
  173  12:16  Thor, Cyclone  
  173  12:18  SCV  
  173  12:19  Battlecruiser  
  175  12:25  SCV  
  175  12:27  SCV  
  175  12:29  SCV  
  172  12:42  Thor, Command Center  
  172  12:44  Widow Mine x2, Command Center  
  180  12:45  Widow Mine  
  180  12:49  SCV  
  180  12:50  Missile Turret x2  
  177  12:52  SCV  
  177  12:53  Missile Turret  
  177  13:00  Thor  
  183  13:05  Siege Tank  
  183  13:06  Hellion  
  183  13:08  Planetary Fortress  
  183  13:11  SCV  
  189  13:13  SCV  
  189  13:15  SCV  
  191  13:25  Hellion x2  
  195  13:32  SCV  
  195  13:33  SCV x2  
  198  13:35  Hi-Sec Auto Tracking  
  194  13:41  Supply Depot  
  194  13:43  Supply Depot  
  194  13:45  SCV  
  194  13:46  Supply Depot  
  194  13:47  Terran Vehicle Weapons Level 3  
  195  13:53  Terran Vehicle And Ship Armor Level 2, Orbital Command  
  195  13:59  Orbital Command x2  
  193  14:05  Thor  
  195  14:18  Thor  
  200  14:32  Command Center  
  200  14:33  Command Center  
  200  14:38  Hellion  
  183  14:46  Thor  
  183  14:51  Thor  
  168  14:53  Battlecruiser  
  168  14:56  Hellion  
  174  15:06  Thor, Refinery  
  180  15:07  Refinery  
  180  15:10  Hellion  
  180  15:12  Hellion  
  184  15:22  Hellion x2  
  186  15:29  Siege Tank  
  186  15:34  Thor  
  194  15:55  Thor  
  186  15:57  Hellion  
  186  16:01  Thor  
  156  16:16  Thor  
  141  16:25  SCV  
  141  16:26  SCV  
  141  16:29  Hellion x2  
  141  16:30  SCV  
  141  16:31  Hellion  
  149  16:34  Widow Mine  
  149  16:35  Orbital Command  
  149  16:37  Thor  
  157  16:44  Widow Mine  
  153  16:50  Widow Mine, Orbital Command  
  153  16:51  Sensor Tower  
  153  16:53  SCV x2  
  157  16:56  SCV x2  
  159  17:04  Widow Mine  
  159  17:05  SCV  
  159  17:08  Siege Tank  
  165  17:17  Unknown, Siege Tank  
  166  17:24  Thor  
  117  17:38  Hellion  
Show
View Real Time Build Order
Export as new Build Order

TSGSolar Zerg - Winner!

Build Orders: Hatch First, Muta Ling Bane 

Get SALT Encoding   

  12  0:02  Drone  
  13  0:13  Overlord  
  13  0:17  Drone  
  14  0:31  Drone x2  
  16  0:49  Hatchery  
  15  0:52  Drone  
  15  0:55  Drone  
  17  0:59  Drone  
  18  1:11  Extractor  
  18  1:14  Spawning Pool  
  18  1:17  Drone  
  17  1:21  Drone  
  18  1:30  Drone  
  19  1:39  Drone  
  20  1:52  Overlord  
  20  2:01  Queen  
  20  2:02  Queen  
  20  2:03  Zergling x4  
  26  2:13  Drone x2  
  28  2:25  Hatchery  
  27  2:30  Extractor  
  27  2:33  Metabolic Boost  
  27  2:34  Drone  
  27  2:36  Drone  
  29  2:41  Drone  
  30  2:48  Queen  
  32  2:52  Overlord  
  32  2:56  Drone  
  32  2:58  Drone  
  34  3:01  Drone x2  
  36  3:11  Drone x4  
  40  3:14  Drone  
  40  3:17  Overlord  
  41  3:23  Queen  
  44  3:27  Drone  
  44  3:39  Drone x2, Overlord  
  46  3:42  Queen  
  46  3:43  Drone x2  
  46  3:45  Overlord  
  50  3:48  Overlord  
  50  3:57  Overlord  
  50  3:59  Drone x5  
  50  4:01  Drone  
  56  4:05  Queen  
  56  4:07  Zergling x4  
  60  4:10  Zergling x2  
  60  4:11  Zergling x2  
  62  4:17  Drone  
  62  4:24  Evolution Chamber  
  62  4:26  Evolution Chamber  
  62  4:30  Evolution Chamber  
  62  4:31  Drone, Evolution Chamber  
  60  4:32  Drone  
  60  4:33  Drone x3  
  60  4:35  Zergling x4  
  60  4:38  Overlord  
  67  4:39  Drone x2  
  67  4:44  Spore Crawler, Queen  
  67  4:45  Overlord  
  70  4:48  Drone x2  
  70  4:49  Spore Crawler  
  71  4:53  Extractor, Overlord  
  71  4:55  Drone  
  71  4:56  Drone  
  72  5:01  Spore Crawler  
  72  5:02  Drone  
  72  5:03  Zerg Ground Armor Level 1  
  72  5:04  Zerg Melee Weapons Level 1  
  72  5:05  Drone  
  72  5:06  Drone  
  74  5:10  Drone  
  74  5:12  Drone x2  
  74  5:13  Drone x3  
  80  5:15  Drone  
  80  5:16  Drone  
  80  5:17  Drone  
  80  5:20  Zergling x6  
  85  5:25  Baneling Nest  
  85  5:26  Queen  
  86  5:33  Zergling x6  
  89  5:36  Spine Crawler  
  89  5:40  Zergling x10  
  89  5:41  Queen  
  92  5:44  Zergling x4  
  92  5:48  Zergling x4  
  90  5:54  Zergling x6  
  86  6:05  Lair  
  86  6:06  Drone  
  86  6:07  Drone x2  
  86  6:08  Drone  
  86  6:11  Zergling x8  
  91  6:13  Extractor, Queen  
  91  6:14  Extractor, Drone  
  91  6:15  Drone  
  91  6:16  Extractor x2  
  91  6:17  Drone  
  91  6:24  Drone  
  92  6:26  Drone x2  
  92  6:27  Drone x3  
  92  6:31  Baneling x6  
  97  6:38  Zergling x6  
  98  6:40  Zergling x4  
  100  6:48  Drone x2  
  100  6:50  Drone  
  103  6:58  Drone x2  
  103  6:59  Overlord x2  
  103  7:00  Overlord  
  105  7:06  Overseer  
  105  7:07  Spire  
  105  7:08  Drone  
  105  7:10  Overlord  
  105  7:14  Hatchery  
  105  7:15  Drone  
  105  7:19  Drone  
  105  7:20  Drone x3  
  109  7:25  Zergling x10  
  109  7:27  Overlord  
  109  7:29  Drone x2  
  115  7:30  Drone  
  115  7:35  Drone x2  
  118  7:37  Unknown  
  118  7:38  Drone  
  118  7:45  Drone x5  
  123  7:52  Overlord  
  123  7:56  Overlord  
  121  8:03  Drone  
  122  8:09  Drone  
  123  8:13  Hatchery  
  122  8:20  Mutalisk x9  
  122  8:23  Zerg Flyer Weapons Level 1  
  122  8:26  Mutalisk x3  
  146  8:31  Queen  
  146  8:37  Centrifical Hooks  
  146  8:38  Drone  
  146  8:39  Queen  
  146  8:40  Mutalisk  
  146  8:41  Mutalisk x2  
  145  8:46  Zergling x16  
  151  8:50  Drone  
  151  8:52  Drone  
  153  8:58  Mutalisk x3  
  153  9:01  Overlord  
  157  9:05  Drone x2  
  158  9:10  Drone  
  158  9:12  Overlord  
  158  9:13  Overlord  
  158  9:14  Overlord x2  
  158  9:15  Drone  
  158  9:16  Overlord  
  159  9:20  Infestation Pit, Zerg Ground Armor Level 2  
  159  9:22  Zerg Melee Weapons Level 2  
  158  9:28  Drone x4  
  158  9:29  Drone  
  158  9:30  Extractor, Overlord  
  162  9:33  Extractor  
  162  9:34  Drone  
  162  9:35  Mutalisk x3  
  168  9:39  Drone  
  168  9:40  Zergling x12  
  168  9:41  Overseer  
  168  9:43  Pneumatized Carapace  
  175  9:46  Zergling x2  
  175  9:49  Zergling x20  
  180  10:00  Spine Crawler, Drone x2  
  180  10:01  Drone x2  
  180  10:03  Baneling x15  
  180  10:05  Mutalisk  
  185  10:08  Zergling x6  
  185  10:10  Drone  
  185  10:14  Zergling x8  
  193  10:18  Baneling x4  
  193  10:23  Drone  
  193  10:27  Baneling x5  
  194  10:33  Zergling x18  
  198  10:38  Hatchery  
  198  10:42  Mutalisk x3  
  196  10:47  Hive  
  196  10:48  Zerg Flyer Weapons Level 2  
  192  10:52  Zergling x16  
  192  10:56  Baneling x3  
  198  11:00  Mutalisk x2  
  195  11:20  Drone x4  
  199  11:25  Baneling  
  199  11:26  Baneling x19  
  199  11:30  Overseer x2  
  199  11:31  Zergling x2  
  200  11:46  Zergling x28  
  199  11:48  Zergling x4  
  199  11:50  Extractor  
  199  11:52  Baneling x6  
  199  11:53  Baneling x4  
  195  12:00  Mutalisk x11  
  173  12:17  Mutalisk  
  173  12:18  Mutalisk x4  
  173  12:20  Zergling x26  
  173  12:21  Zergling x6  
  189  12:25  Zergling x4  
  188  12:30  Zergling x2  
  188  12:31  Zergling x4  
  188  12:35  Zergling x6  
  187  12:40  Zergling x2  
  187  12:41  Zergling x4, Adrenal Glands, Ultralisk Cavern  
  187  12:44  Spine Crawler, Drone  
  185  12:55  Hatchery  
  184  13:04  Zergling x24  
  195  13:13  Drone  
  195  13:14  Extractor  
  194  13:30  Chitinous Plating  
  192  13:37  Zergling x4, Ultralisk  
  192  13:38  Baneling  
  192  13:39  Baneling x18  
  196  13:51  Corruptor x3  
  194  14:21  Corruptor x3  
  193  14:34  Corruptor x6, Evolution Chamber  
  193  14:35  Corruptor x2  
  193  14:36  Corruptor x3, Evolution Chamber  
  182  14:48  Zergling x36, Ultralisk  
  182  14:49  Zergling x18, Anabolic Synthesis  
  183  14:54  Ultralisk x2  
  183  14:56  Corruptor  
  183  15:00  Zerg Ground Armor Level 3  
  183  15:01  Corruptor x3  
  183  15:04  Drone x2  
  193  15:07  Zergling x4, Ultralisk  
  193  15:08  Zergling x2  
  193  15:13  Overseer  
  196  15:16  Baneling  
  196  15:17  Baneling x16  
  196  15:21  Baneling x7  
  196  15:26  Baneling x5  
  196  15:27  Baneling x6  
  196  15:28  Zergling x4  
  197  15:30  Zergling x2  
  198  15:36  Zergling x2  
  198  15:40  Zergling x2  
  198  15:41  Zergling x2  
  189  15:53  Zergling x40  
  189  15:57  Zergling x8  
  189  16:00  Zergling x12  
  189  16:02  Zergling x4  
  195  16:04  Zergling x4  
  195  16:06  Zergling x4  
  195  16:09  Overlord  
  195  16:10  Overlord  
  198  16:12  Overlord  
  198  16:14  Overlord  
  198  16:15  Overlord  
  198  16:17  Overlord  
  184  16:19  Overlord  
  184  16:21  Overlord  
  184  16:25  Baneling x9  
  182  16:26  Overseer x2  
  182  16:27  Overseer  
  179  16:34  Drone x3  
  179  16:36  Overseer  
  182  16:41  Ultralisk  
  188  16:50  Spine Crawler x2  
  186  16:55  Zergling x10, Ultralisk  
  186  16:56  Zergling x2  
  186  16:57  Baneling x2  
  186  16:59  Baneling  
  197  17:13  Zergling x4  
  197  17:15  Baneling x17  
  199  17:16  Baneling x3  
  197  17:25  Zergling x24  
  197  17:26  Zergling x2  
  181  17:34  Zergling x4  
  174  17:38  Hatchery  
  174  17:41  Zergling x4  
  174  17:44  Zergling x14  
  164  17:47  Zergling x8  
  164  17:48  Zergling x4  
  164  17:49  Zergling x2  
  164  17:50  Zergling x2  
Tags
 
Add a new tag
Caveats
  • Supply blocks, unpowered buildings, or Contaminate may cause inaccurate times.
  • Supply counts are checked every 10 seconds.